 Dungeon Crawl Stone Soup version 0.28-b1-1-g3c77fb2ed1 (webtiles) character file.

Game seed: 9531264016702422236

171 zeram the Covered (level 5, 0/33 HPs)
             Began as a Gargoyle Fighter on Jan 29, 2022.
             Slain by an orc wizard (1 damage)
             ... on level 5 of the Dungeon.
             The game lasted 00:04:00 (2898 turns).

zeram the Covered (Gargoyle Fighter)                Turns: 2898, Time: 00:04:02

Health: 0/33       AC: 13    Str: 21    XL:     5   Next: 51%
Magic:  5/5        EV:  9    Int:  9    God:
Gold:   65         SH:  4    Dex:  9    Spells: 4/4 levels left

rFire   . . .      SeeInvis .   a - +0 flail
rCold   . . .      Faith    .   c - +0 buckler
rNeg    + . .      Spirit   .   b - +0 scale mail
rPois   ∞          Reflect  .   j - +0 helmet
rElec   +          Harm     .   (no cloak)
rCorr   .          Rampage  .   d - +0 pair of gloves
Will    .....                   (no boots)
Stlth   ..........              (no amulet)
HPRegen 0.11/turn               (no ring)
MPRegen 0.09/turn               (no ring)

@: no status effects
A: sickness immunity, AC +4, negative energy resistance 1, electricity
resistance, torment resistance 1, petrification resistance
a: no special abilities


You were on level 5 of the Dungeon.
You visited 1 branch of the dungeon, and saw 4 of its levels.

You collected 65 gold pieces.

Inventory:

Hand Weapons
 a - a +0 flail (weapon)
Missiles
 h - 3 poisoned darts (quivered)
Armour
 b - a +0 scale mail (worn)
 c - a +0 buckler (worn)
 d - a +0 pair of gloves (worn)
 j - a +0 helmet (worn)
Scrolls
 f - a scroll of identify
 i - a scroll of fog
Potions
 g - a potion of cancellation


   Skills:
 + Level 3.6 Fighting
 + Level 3.8 Maces & Flails
 + Level 4.9 Armour
 + Level 0.3 Dodging
 + Level 3.6 Shields


You had 4 spell levels left.
You didn't know any spells.
Your spell library was empty.

Dungeon Overview and Level Annotations

Branches:
Dungeon (3/15)

Altars:

Shops:
D:1 [


Innate Abilities, Weirdness & Mutations

You are immune to sickness and miasma.
Your stone body is resilient. (AC +4)
You are immune to poison.
You resist negative energy. (rN+)
You are resistant to electric shocks. (rElec)
You are resistant to unholy torment.
You are immune to petrification.


Message History

You hear some strange, mumbled words.
Something tries to affect you, but you resist.
You block the orc wizard's attack. You block the orc's attack.
The orc closely misses you.
You barely miss the orc wizard. Something hits you but does no damage.
You block the orc wizard's attack. The orc completely misses you.
The orc barely misses you. Something hits you but does no damage.
The orc wizard hits you but does no damage.
The orc hits you with a +0 hand axe. You block the orc's attack.
You miss the orc wizard. Something hits you but does no damage.
The orc wizard hits you but does no damage.
The orc hits you but does no damage. x2
You closely miss the orc wizard. Something hits you but does no damage.
The orc wizard hits you with a +0 dagger of pain.
The orc hits you but does no damage. x2
You sock the orc wizard!
The orc wizard is heavily wounded.
You block something's attack. The orc wizard casts a spell at you.
The puff of flame hits you!
* * * LOW HITPOINT WARNING * * *
The orc barely misses you. The orc closely misses you.
You feel better. Something completely misses you.
The orc wizard closely misses you. The orc hits you but does no damage.
You block the orc's attack.
Okay, then.
You hit the orc wizard.
The orc wizard is almost dead.
You hear some strange, mumbled words.
A magic dart appears from out of thin air!
The magic dart hits you.
* * * LOW HITPOINT WARNING * * *
The orc wizard gestures at you while chanting.
The magic dart hits you.
* * * LOW HITPOINT WARNING * * *
The orc closely misses you. You block the orc's attack. Something hits you.
* * * LOW HITPOINT WARNING * * *
The orc wizard hits you but does no damage.
You writhe in agony.
You die...

#.......#..#..
#............ .
#........... ..
#.......#..#...
#..............
#..............
#....o){......
#...o@..[....
##...o.......
##..........
##........#
##########


You could see an orc wizard and 2 orcs.

Vanquished Creatures
  An orc priest (D:5)
  Ijyb (D:2)
  5 adders
  2 dart slugs
  2 orcs (D:2)
  7 ball pythons
  8 endoplasms
  A giant cockroach (D:2)
  4 goblins
  2 hobgoblins
  8 jackals
  6 quokkas
  4 bats
  A frilled lizard (D:1)
  3 kobolds
  4 rats
59 creatures vanquished.

Notes
Turn   | Place    | Note
-------+----------+-------------------------------------------
     0 | D:1      | zeram the Gargoyle Fighter began the quest for the Orb.
     0 | D:1      | Reached XP level 1. HP: 14/14 MP: 1/1
   131 | D:1      | Found a faded altar of an unknown god.
   502 | D:1      | Reached XP level 2. HP: 18/19 MP: 2/2
   554 | D:1      | Found Ohag's Antique Armour Shop.
  1031 | D:2      | Reached XP level 3. HP: 22/23 MP: 3/3
  1693 | D:2      | Reached XP level 4. HP: 28/28 MP: 4/4
  1968 | D:3      | Reached skill level 4 in Armour
  2144 | D:3      | Noticed Ijyb
  2784 | D:2      | Killed Ijyb
  2785 | D:2      | Reached XP level 5. HP: 27/33 MP: 5/5
  2882 | D:3      | You fall into a shaft and drop 2 floors!
  2882 | D:5      | Entered Level 5 of the Dungeon
  2898 | D:5      | HP: 1/33 [something (3)]
  2898 | D:5      | Slain by an orc wizard

Illustrated notes

Levels and vault maps discovered:
D:1:      dpeg_arrival_simpleton_c, layout_loops_ring,
          hellmonk_ecumenical_altar_arch_garden, serial_shops, shop_statue
D:2:      layout_basic
D:3:      layout_rooms, chequers_serial_rivers_micro_a, uniq_ijyb
D:5:      layout_basic, kennysheep_cross_room

Skill      XL: |  1  2  3  4 |
---------------+-------------+-----
Maces & Flails | 3 |  3.8
Armour         | 4 |  4.9
Fighting       | |  3.6
Dodging        | |  0.3
Shields        | |  3.6

Action                   |  1- 3 |  4- 6 || total
-------------------------+-------+-------++-------
Melee: Flail             |   119 |   133 ||   252
       Unarmed           |       |    24 ||    24
Throw: Dart              |       |     1 ||     1
  Use: Scroll            |     2 |     2 ||     4
       Potion            |       |     2 ||     2
Armor: Scale mail        |    70 |    93 ||   163
       Skin              |       |     1 ||     1
Dodge: Dodged            |    60 |    97 ||   157
Block: Buckler           |    29 |    45 ||    74
